 Dungeon Crawl Stone Soup version 0.18-a0-1778-gadce9fa (webtiles) character file.

695 saintsgambit the Shield-Bearer (level 7, -7/56 HPs)
             Began as a Formicid Fighter on Apr 16, 2016.
             Mangled by a gnoll
             ... wielding a cursed -3 halberd
              (8 damage)
             ... on level 4 of the Dungeon.
             The game lasted 00:09:40 (3247 turns).

saintsgambit the Shield-Bearer (Formicid Fighter)   Turns: 3247, Time: 00:09:41

Health: -7/56      AC: 11    Str: 18 (21) XL:     7   Next: 96%
Magic:  7/7        EV:  7    Int:  5 (8)  God:
Gold:   143        SH:  9    Dex:  9 (11) Spells: 0 memorised, 6 levels left

rFire  . . .     SeeInvis +     a - +1 quarterstaff
rCold  . . .     Gourm    .     t - +0 chain mail
rNeg   . . .     Faith    .     c - +0 shield
rPois  .         Spirit   .     (helmet unavailable)
rElec  .         Dismiss  .     u - +0 cloak
rCorr  .         Reflect  .     (no gloves)
SustAt .         Harm     .     (no boots)
MR     .....                    (no amulet)
Stlth  ..........               (no ring)
                                (no ring)

@: not resistant to hostile enchantments, extremely unstealthy
A: permanent stasis, dig shafts and tunnels, four strong arms, antennae 3
a: Dig, Shaft Self


You were on level 4 of the Dungeon.
You were not hungry.

You visited 1 branch of the dungeon, and saw 4 of its levels.

You collected 143 gold pieces.

Inventory:

Hand Weapons
 a - a +1 quarterstaff (weapon)
Missiles
 e - 4 needles of sleeping
 k - 14 arrows of flame
 w - 11 poisoned arrows
 A - 16 poisoned needles
Armour
 c - a +0 shield (worn)
 t - a +0 chain mail (worn)
 u - a +0 cloak (worn)
Jewellery
 B - an uncursed ring of wizardry
 C - an uncursed amulet of magic regeneration {unknown}
Wands
 y - a wand of confusion (18/48)
Scrolls
 g - 2 scrolls of enchant weapon
 l - a scroll of amnesia {unknown}
 n - a scroll of teleportation {unknown}
 o - 2 scrolls of identify
 r - a scroll of remove curse {unknown}
Potions
 b - a potion of cancellation {unknown}
 i - 2 potions of cure mutation {unknown}
 j - 2 potions of lignification {unknown}
 m - 2 potions of haste {unknown}
 q - a potion of mutation {unknown}
 s - 2 potions of degeneration
 v - 2 potions of ambrosia {unknown}
Books
 p - an Akashic Record

   Spells                             Type                      Level
   a - Dispersal                      Translocation                6
   b - Malign Gateway                 Summoning/Translocation      7
   c - Disjunction                    Translocation                8
   d - Controlled Blink               Translocation                8
 z - a book of the Tempests

   Spells                             Type                      Level
   a - Static Discharge               Conjuration/Air              3
   b - Lightning Bolt                 Conjuration/Air              5
   c - Fireball                       Conjuration/Fire             5
   d - Tornado                        Air                          9
   e - Shatter                        Earth                        9
Comestibles
 f - 3 bread rations


   Skills:
 + Level 5.0 Fighting
 + Level 3.6 Staves
 + Level 5.2 Armour
 + Level 2.9 Dodging
 + Level 1.5 Stealth
 + Level 5.9 Shields


You had 6 spell levels left.
You didn't know any spells.

Dungeon Overview and Level Annotations

Branches:
Dungeon (4/15)
 Temple: D:4-7

Altars:
Ashenzari
Pakellas
Qazlal
Zin


Innate Abilities, Weirdness & Mutations

You are under a permanent stasis effect.
You can dig through walls and to a lower floor.
Your four strong arms can wield two-handed weapons with a shield.
You have a pair of large antennae on your head (SInv).


Message History

You closely miss the sky beast.
The sky beast is severely wounded.
You block the sky beast's attack. You block the gnoll's attack.
The gnoll barely misses you.
You barely miss the sky beast.
The sky beast is severely wounded.
The sky beast closely misses you. You block the gnoll's attack.
The gnoll hits you from afar with a spear of piercing.
* * * LOW HITPOINT WARNING * * *
x2 The sky beast hits you.
* * * LOW HITPOINT WARNING * * *
The sky beast shocks you.
* * * LOW HITPOINT WARNING * * *
Drink which item? (? for menu, Esc to quit)
It was a potion of degeneration.
There was something very wrong with that liquid.
You feel weakened.
You feel dopey.
You feel clumsy. You block the gnoll's attack.
The gnoll hits you from afar with a halberd!
You die...

♣ #.# # #......#
#..
###......###..#
.##.......#..#
..###.......#
...###......#
#...###....##
#...........######
#...#....†....##@#
#.#####<.......Y##
#.. ##......gg#
#.. #.####..g## ..
#.## ##...# . ...
#...# #... #...#
#... #...# ..
g...#.#


You could see a sky beast and 3 gnolls.

Vanquished Creatures
  Sigmund (D:2)
  Menkaure (D:4)
  A hound (D:4)
  Crazy Yiuf (D:4)
  An orc priest (D:4)
  An orc wizard (D:3)
  Natasha (twice) (D:2)
  2 worker ants (D:4)
  8 gnolls (D:4)
  3 adders
  3 dart slugs
  A giant gecko (D:1)
  14 orcs
  5 bats
  4 giant cockroaches
  A goblin (D:2)
  7 hobgoblins
  10 jackals
  5 kobolds
  2 quokkas (D:3)
  3 giant newts
  A quokka skeleton (D:4)
  7 rats
84 creatures vanquished.

Notes
Turn   | Place    | Note
--------------------------------------------------------------
     0 | D:1      | saintsgambit the Formicid Fighter began the quest for the Orb.
     0 | D:1      | Reached XP level 1. HP: 18/18 MP: 1/1
   205 | D:1      | Reached XP level 2. HP: 23/24 MP: 2/2
   415 | D:1      | Reached XP level 3. HP: 24/30 MP: 3/3
   828 | D:2      | Noticed Sigmund
   848 | D:2      | Killed Sigmund
   848 | D:2      | Reached skill level 1 in Dodging
   848 | D:2      | Reached XP level 4. HP: 8/38 MP: 4/4
   848 | D:2      | Reached XP level 5. HP: 10/43 MP: 5/5
   848 | D:2      | Reached XP level 6. HP: 11/49 MP: 6/6
  1166 | D:2      | Noticed Natasha
  1177 | D:2      | Killed Natasha
  1309 | D:2      | Found a glowing silver altar of Zin.
  1348 | D:2      | Noticed Natasha
  1356 | D:2      | Killed Natasha
  1392 | D:3      | Found an oddly glowing altar of Pakellas.
  1583 | D:3      | Reached skill level 5 in Shields
  1595 | D:3      | Found a shattered altar of Ashenzari.
  2028 | D:4      | Found a stormy altar of Qazlal.
  2029 | D:4      | Noticed a fire elemental
  2031 | D:4      | Noticed an air elemental
  2031 | D:4      | Noticed a water elemental
  2307 | D:4      | Reached XP level 7. HP: 48/55 MP: 7/7
  2377 | D:4      | Noticed Menkaure
  2385 | D:4      | Killed Menkaure
  2385 | D:4      | Reached skill level 5 in Armour
  2385 | D:4      | Reached skill level 1 in Stealth
  2635 | D:4      | Reached skill level 5 in Fighting
  3161 | D:4      | Noticed Crazy Yiuf
  3172 | D:4      | Killed Crazy Yiuf
  3246 | D:4      | HP: 1/56 [sky beast (6)]
  3247 | D:4      | Mangled by a gnoll

Vault maps used:
D:1:      dpeg_arrival_houses_and_road
D:2:      lemuel_doored_altar, uniq_natasha, uniq_sigmund
D:3:      lemuel_upstairs_altar, evilmike_ruin_ashenzari, grunt_pakellas_mercury
D:4:      kennysheep_six_static_rooms, first_bread,
          nicolae_qazlal_style_of_elements, uniq_menkaure,
          uniq_crazy_yiuf_cottage

Skill      XL: |  1  2  3  4  5  6  7 |
---------------+----------------------+-----
Fighting       | 4 5 |  5.0
Armour         | 4 5 |  5.2
Dodging        | 1 2 |  2.9
Shields        | 4 5 |  5.9
Staves         | 3 |  3.6
Stealth        | 1 |  1.5

Action                   |  1- 3 |  4- 6 |  7- 9 || total
-------------------------+-------+-------+-------++-------
Melee: Quarterstaff      |    87 |   122 |   115 ||   324
  Use: Potion            |     1 |       |     1 ||     2
       Scroll            |       |       |     3 ||     3
  Eat: Chunk             |       |     2 |       ||     2
       Bread ration      |       |     1 |       ||     1
       Beef jerky        |       |       |     1 ||     1
Armor: Scale mail        |    32 |    50 |     3 ||    85
       Chain mail        |       |       |    52 ||    52
Dodge: Dodged            |    21 |    57 |    42 ||   120
Block: Shield            |    47 |    69 |    84 ||   200
